 Dungeon Crawl Stone Soup version 0.22-a0-352-gc608dd7 (webtiles) character file.

1729 Amnesiac the Magician (level 8, -7/52 HPs)
             Began as a Mummy Earth Elementalist on Apr 14, 2018.
             Was a Priest of Dithmenos.
             Mangled by an orc warrior
             ... wielding a +0 halberd
              (9 damage)
             ... on level 6 of the Dungeon.
             The game lasted 00:09:29 (6082 turns).

Amnesiac the Magician (Mummy Earth Elementalist)    Turns: 6082, Time: 00:09:30

Health: -7/52      AC:  6    Str: 12    XL:     8   Next: 76%
Magic:  3/27       EV: 11    Int: 16    God:    Dithmenos [***...]
Gold:   338        SH:  0    Dex: 12    Spells: 9/21 levels left

rFire    x . .     SeeInvis .   l - +0 dagger (flame)
rCold    + . .     Gourm    .   (no shield)
rNeg     + + +     Faith    .   o - +2 leather armour "Hyurr" {Slay+2}
rPois    ∞         Spirit   .   (no helmet)
rElec    .         Reflect  .   j - +0 cloak
rCorr    .         Harm     .   (no gloves)
MR       +....                  (no boots)
Stlth    +++.......             (no amulet)
HPRegen  0.17/turn              e - ring of magical power
MPRegen  0.20/turn              (no ring)

@: very slightly contaminated, wreathed by umbra
A: no food or potions, fire vulnerability, cold resistance 1, negative energy
resistance 3, torment resistance, unbreathing
a: Shadow Step, Renounce Religion


You were on level 6 of the Dungeon.
You worshipped Dithmenos.
Dithmenos was most pleased with you.
You were not hungry.

You visited 1 branch of the dungeon, and saw 6 of its levels.

You collected 338 gold pieces.

Inventory:

Hand Weapons
 l - a +0 dagger of flaming (weapon)
Missiles
 g - a throwing net
 p - 19 stones (quivered)
Armour
 j - a +0 cloak (worn)
 o - the +2 leather armour "Hyurr" (worn) {Slay+2}
   (You found it on level 5 of the Dungeon)

   It affects your accuracy and damage with ranged weapons and melee attacks
   (+2).
Jewellery
 e - a ring of magical power (left hand)
Wands
 c - a wand of disintegration (10)
 i - a wand of enslavement (5)
 k - a wand of iceblast (10)
Scrolls
 a - 2 scrolls of enchant armour {!r, unknown}
 b - a scroll of enchant weapon {!r, unknown}
 d - 6 scrolls of identify {!r, unknown}
 f - 4 scrolls of blinking {!r, unknown}
 h - a scroll of noise {!r, unknown}
 m - 4 scrolls of teleportation {!r, unknown}
 n - 3 scrolls of fog {!r, unknown}
 q - a scroll of torment {!r, unknown}


   Skills:
 + Level 3.4 Short Blades
 - Level 1.5 Dodging
 + Level 3.7 Stealth
 + Level 7.0 Spellcasting
 - Level 1.0 Transmutations
 * Level 7.0 Earth Magic


You had 9 spell levels left.
You knew the following spells:

 Your Spells              Type           Power        Failure   Level  Hunger
a - Sandblast             Erth           ####..       1%          1    N/A
b - Passwall              Tmut/Erth      ###.......   4%          2    N/A
d - Lee's Rapid Deconstr  Erth           ####......   24%         5    N/A
e - Petrify               Tmut/Erth      ###.....     28%         4    N/A

Dungeon Overview and Level Annotations

Branches:
Dungeon (6/15)             Temple (0/1) D:4

Altars:
Cheibriados
Dithmenos
Elyvilon
Fedhas
Makhleb
Nemelex Xobeh
Qazlal
Ru
Trog
Wu Jian

Shops:
D:4 !

Annotations:
D:3 exclusion: oklob plant, Edmund


Innate Abilities, Weirdness & Mutations

You do not eat or drink.
Your flesh is vulnerable to fire.
You are immune to poison.
Your flesh is cold resistant. (rC+)
You are immune to negative energy. (rN+++)
You are immune to unholy pain and torment.
You can survive without breathing.


Message History

The helpless green ugly thing fails to defend itself.
You puncture the green ugly thing! You burn the green ugly thing.
The green ugly thing is severely wounded.
The orc warrior shouts!
The green ugly thing is no longer petrified.
The green ugly thing pecks you!
Casting: Petrify (quite dangerous; 34% risk of failure)
Confirm with . or Enter, or press ? or * to list all spells.
Aiming: Petrify (quite dangerous; 34% risk of failure)
Press: ? - help, Shift-Dir - straight line, f/p - green ugly thing
Aim: a green ugly thing (heavily wounded, umbra, chance to defeat MR: 30%)
You miscast Petrify.
Your body is twisted painfully.
The green ugly thing closely misses you.
Unknown command.
Casting: Petrify (quite dangerous; 34% risk of failure)
Confirm with . or Enter, or press ? or * to list all spells.
Aiming: Petrify (quite dangerous; 34% risk of failure)
Press: ? - help, Shift-Dir - straight line, f/p - green ugly thing
Aim: a green ugly thing (heavily wounded, umbra, chance to defeat MR: 30%)
The green ugly thing easily resists.
The green ugly thing basks in your mutagenic energy and changes!
Unknown command.
Casting: Petrify (quite dangerous; 34% risk of failure)
Confirm with . or Enter, or press ? or * to list all spells.
Aiming: Petrify (quite dangerous; 34% risk of failure)
Press: ? - help, Shift-Dir - straight line, f/p - purple ugly thing
Aim: a purple ugly thing (heavily wounded, umbra, chance to defeat MR: 30%)
The purple ugly thing easily resists.
Unknown command.
Casting: Petrify (quite dangerous; 34% risk of failure)
Confirm with . or Enter, or press ? or * to list all spells.
Aiming: Petrify (quite dangerous; 34% risk of failure)
Press: ? - help, Shift-Dir - straight line, f/p - purple ugly thing
Aim: a purple ugly thing (heavily wounded, umbra, chance to defeat MR: 30%)
The purple ugly thing is moving more slowly.
The purple ugly thing closely misses you.
Unknown command.
Things that are here:
a dagger; a robe; an orc skeleton The purple ugly thing stops moving altogether!
The orc warrior hits you from afar with a halberd!
* * * LOW HITPOINT WARNING * * *
Things that are here:
a dagger; a robe; an orc skeleton The helpless purple ugly thing fails to defend itself.
You impale the purple ugly thing!! You burn the purple ugly thing.
The purple ugly thing is severely wounded.
The orc warrior barely misses you.
The helpless purple ugly thing fails to defend itself.
You impale the purple ugly thing!! You burn the purple ugly thing.
The purple ugly thing is almost dead.
The helpless purple ugly thing fails to defend itself.
You puncture the purple ugly thing! You burn the purple ugly thing.
The purple ugly thing is almost dead.
The orc warrior hits you from afar with a halberd!!
* * * LOW HITPOINT WARNING * * *
The helpless purple ugly thing fails to defend itself.
You impale the purple ugly thing!! You burn the purple ugly thing.
You kill the purple ugly thing!
Dithmenos accepts your kill.
Your Spellcasting skill increases to level 7!
Your Earth Magic skill increases to level 7!
The orc warrior hits you from afar with a halberd!
You die...

...# #.#.†...>...............
##########.#.#'##'##'###......###
.........#.#.#.##.##.# #[.....#
.......%....<#.##.##.# #......###
########.#####.##.##.###........#
##.............##..)...'........'
#...........##.#####)###........#
#....)......########)# #........#
#.............o.@...)# #.........
#............######### #########.
#............# #. #............#
#. #............# #.
#............# #. #............#
#. #............# #.
#............# ##


You could see an orc warrior.

Vanquished Creatures
  An ugly thing (D:6)
  An orc warrior (D:6)
  A sky beast (D:6)
  A centaur (D:6)
  2 bullfrogs (D:6)
  A scorpion (D:6)
  A crimson imp (D:6)
  4 hounds
  2 bullfrog zombies
  An orc priest (D:6)
  A centaur skeleton (D:4)
  9 orc wizards
  Ijyb (D:4)
  2 worker ants
  2 hound skeletons
  3 gnolls (D:4)
  8 adders
  An ooze (D:2)
  A worm (D:2)
  2 dart slugs
  6 leopard geckos
  17 orcs
  A ball python (D:3)
  6 bats
  5 giant cockroaches
  16 goblins
  15 hobgoblins
  5 jackals
  13 kobolds
  6 quokkas
  7 frilled lizards
  A leopard gecko skeleton (D:6)
  A quokka skeleton (D:4)
  7 rats
151 creatures vanquished.

Notes
Turn   | Place    | Note
-------+----------+-------------------------------------------
     0 | D:1      | Amnesiac the Mummy Earth Elementalist began the quest for the Orb.
     0 | D:1      | Reached XP level 1. HP: 13/13 MP: 4/4
    99 | D:1      | Reached XP level 2. HP: 14/19 MP: 3/5
   213 | D:2      | Learned a level 2 spell: Passwall
   241 | D:3      | Found a shadowy altar of Dithmenos.
   270 | D:3      | Became a worshipper of Dithmenos the Shadowed
   387 | D:2      | Reached XP level 3. HP: 8/24 MP: 7/7
   694 | D:1      | Found a snail-covered altar of Cheibriados.
   701 | D:1      | Reached * piety under Dithmenos
  1134 | D:2      | Reached XP level 4. HP: 30/30 MP: 9/9
  1140 | D:2      | Learned a level 4 spell: Petrify
  1195 | D:2      | Found a bloodstained altar of Trog.
  1270 | D:2      | Reached ** piety under Dithmenos
  1625 | D:3      | Reached XP level 5. HP: 18/35 MP: 11/11
  1937 | D:3      | Found a blossoming altar of Fedhas.
  1952 | D:3      | Noticed an oklob plant
  2067 | D:3      | Learned a level 5 spell: Lee's Rapid Deconstruction
  2093 | D:4      | Noticed Ijyb
  2099 | D:4      | Killed Ijyb
  2118 | D:4      | Found an ornate altar of the Wu Jian Council.
  2130 | D:4      | Found a stormy altar of Qazlal.
  2130 | D:4      | Found a sacrificial altar of Ru.
  2178 | D:4      | Reached XP level 6. HP: 34/41 MP: 13/13
  2199 | D:4      | Reached skill level 5 in Spellcasting
  2199 | D:4      | Reached skill level 5 in Earth Magic
  2287 | D:4      | Found Qaorino's Distillery.
  2309 | D:4      | Noticed Edmund
  2310 | D:4      | Reached *** piety under Dithmenos
  2311 | D:4      | Found a staircase to the Ecumenical Temple.
  2770 | D:4      | Reached skill level 1 in Short Blades
  3055 | D:5      | Entered Level 5 of the Dungeon
  3176 | D:5      | Reached skill level 1 in Transmutations
  3336 | D:5      | Found a sparkling altar of Nemelex Xobeh.
  3382 | D:5      | Reached XP level 7. HP: 46/46 MP: 15/15
  3386 | D:5      | Got an amber-encrusted leather armour
  3397 | D:5      | Identified the +2 leather armour "Hyurr" {Slay+2} (You found it on level 5 of the Dungeon)
  3959 | D:3      | Found a shadowy altar of Dithmenos.
  4063 | D:3      | Found a blossoming altar of Fedhas.
  4885 | D:6      | Found a white marble altar of Elyvilon.
  4896 | D:6      | Found a burning altar of Makhleb.
  4898 | D:6      | Noticed a balrug
  5298 | D:6      | Reached XP level 8. HP: 52/52 MP: 17/17
  5703 | D:6      | Noticed a green ugly thing
  6081 | D:6      | HP: 2/52 [orc warrior/halberd (20)]
  6082 | D:6      | Killed a purple ugly thing
  6082 | D:6      | Mangled by an orc warrior

Vault maps used:
D:1:      nzn_arrival_crosshair, cheibriados_altar_1
D:2:      cheibrodos_greedy_goblins, first_ration, trog_butcher_becter
D:3:      lemuel_doored_altar, tgw_fedhas
D:4:      kennysheep_mini_moat, gammafunk_temple_overflow_wave,
          minmay_temple_entry_glass, serial_shops, shop, uniq_edmund, uniq_ijyb
D:5:      nemelex_altar_shiori, kennysheep_cluttered_room
D:6:      elyvilon_altar_5, makhleb_altar_promises_db

Skill      XL: |  1  2  3  4  5  6  7  8 |
---------------+-------------------------+-----
Spellcasting   | 3 4 5 6 7 |  7.0
Earth Magic    | 3 4 5 6 7 |  7.0
Short Blades   | 1 2 3 |  3.4
Transmutations | 1 |  1.0
Stealth        | 2 3 |  3.7
Dodging        | |  1.5

Action                   |  1- 3 |  4- 6 |  7- 9 || total
-------------------------+-------+-------+-------++-------
Melee: Dagger            |    29 |    33 |    73 ||   135
 Cast: Sandblast         |    57 |   137 |    53 ||   247
       Petrify           |       |     3 |    19 ||    22
       Passwall          |       |     1 |     1 ||     2
Evoke: Wand              |       |     1 |       ||     1
 Stab: Sleeping          |     2 |     2 |       ||     4
       Petrified         |       |    25 |    24 ||    49
Armor: Robe              |     8 |     5 |       ||    13
       Leather armour    |       |       |    21 ||    21
Dodge: Dodged            |    48 |    56 |    48 ||   152

Table legend:
 A = Spawn XP
 B = Non-spawn XP
 C = Spawn XP percentage of total XP
 D = Spawn monster count
 E = Non-spawn monster count
 F = Spawn count percentage of total count
 G = Total turns spent on level
                    A         B        C        D         E        F      G
               +---------+---------+-------+---------+---------+-------+---------
         Total |       0 |    2471 |   0.0 |       0 |     151 |   0.0 |  6082
               +---------+---------+-------+---------+---------+-------+---------
           D:1 |       0 |      39 |   0.0 |       0 |      25 |   0.0 |   728
           D:2 |       0 |     101 |   0.0 |       0 |      36 |   0.0 |   641
           D:3 |       0 |      90 |   0.0 |       0 |      25 |   0.0 |  1576
           D:4 |       0 |     369 |   0.0 |       0 |      22 |   0.0 |  1071
           D:5 |       0 |     144 |   0.0 |       0 |      10 |   0.0 |   512
           D:6 |       0 |    1728 |   0.0 |       0 |      33 |   0.0 |  1554
               +---------+---------+-------+---------+---------+-------+---------
